 Seeded DCSS version 0.30.1-9-gdf580d7c3d (webtiles) character file.

Game seed: 756784987546 (custom seed)

29 lonewolfV2 the Shield-Bearer (level 3, -2/30 HPs)
             Began as a Formicid Fighter on Sept 27, 2023.
             Slain by Sigmund
             ... wielding a +0 scythe
              (5 damage)
             ... on level 2 of the Dungeon.
             The game lasted 00:01:04 (787 turns).

lonewolfV2 the Shield-Bearer (Formicid Fighter)      Turns: 787, Time: 00:01:05

Health: -2/30      AC:  6    Str: 20    XL:     3   Next: 32%
Magic:  3/3        EV:  9    Int:  7    God:
Gold:   63         SH:  5    Dex: 15    Spells: 2/2 levels left

rFire   . . .        a - +1 war axe
rCold   . . .        c - +0 buckler
rNeg    . . .        b - +0 scale mail
rPois   .            (helmet unavailable)
rElec   .            (no cloak)
rCorr   .            (no gloves)
SInv    +            (no boots)
Will    .....        (no amulet) Stlth
                     (no ring)
HPRegen 0.25/turn    (no ring)
MPRegen 0.08/turn

%: no passive effects
@: mighty
A: permanent stasis, dig shafts and tunnels, antennae 3, four strong arms
a: Dig, Shaft Self


You were on level 2 of the Dungeon.
You visited 1 branch of the dungeon, and saw 2 of its levels.

You collected 63 gold pieces.

Inventory:

Hand Weapons
 a - a +1 war axe (weapon)
Armour
 b - a +0 scale mail (worn)
 c - a +0 buckler (worn)
Scrolls
 e - 2 scrolls of vulnerability
Potions
 d - a potion of might


   Skills:
 + Level 3.7 Fighting
 + Level 2.4 Axes
 + Level 3.5 Armour
 + Level 4.5 Shields


You had 2 spell levels left.
You didn't know any spells.
Your spell library was empty.

Dungeon Overview and Level Annotations

Branches:
Dungeon (2/15)

Altars:

Annotations:
D:2 Sigmund


Innate Abilities, Weirdness & Mutations

You cannot be hasted, slowed, berserked, paralysed or teleported.
You can dig through walls and to a lower floor.
You have a pair of large antennae on your head. (SInv)
Your four strong arms can wield two-handed weapons with a shield.


Message History

You escape the ball python's grasp.
Sigmund hits you from afar with a +0 scythe!
The ball python bites you but does no damage.
The ball python grabs you. The ball python constricts you.
You escape the ball python's grasp.
Sigmund mumbles some strange words.
Sigmund flickers and vanishes for a moment.
You block the ball python's attack. The ball python grabs you.
The ball python constricts you. Sigmund hits you but does no damage.
You escape the ball python's grasp.
You feel very mighty all of a sudden.
Sigmund screams, "Only death can liberate you!"
The ball python closely misses you. You block the ball python's attack.
You closely miss the ball python. Sigmund closely misses you.
The ball python bites you but does no damage.
You block the ball python's attack.
You barely miss the ball python.
Sigmund hits you from afar with a +0 scythe!
The ball python barely misses you. The ball python grabs you.
The ball python constricts you.
A frilled lizard comes into view.
Sigmund barely misses you. The ball python barely misses you.
The ball python constricts you.
The frilled lizard moves out of view.
You slash the ball python!
You kill the ball python!
Sigmund closely misses you.
You closely miss the goblin.
Sigmund hits you from afar with a +0 scythe.
The goblin hits you but does no damage.
Sigmund hits you from afar with a +0 scythe!
* * * LOW HITPOINT WARNING * * *
You hit the goblin.
You kill the goblin!
You block Sigmund's attack. Sigmund hits you with a +0 scythe.
* * * LOW HITPOINT WARNING * * *
You see here a +0 club.
Unknown command.
Sigmund hits you with a +0 scythe.
You die...

#. ###.# ....
.... ..... ###..#
..... ......#
#..... .......
......
....#..##......
.............$.
.......@@.#####
#######)###
#.#######
#.......##
#........###
##.........#
#.......#.#######
##'####.#........
#.# #.####.....


You could see Sigmund (fast, invisible).

Vanquished Creatures
  A dart slug (D:1)
  An endoplasm (D:1)
  2 giant cockroaches
  A goblin (D:2)
  2 hobgoblins (D:1)
  4 jackals (D:1)
  6 ball pythons
  2 bats (D:1)
  2 frilled lizards (D:1)
  4 kobolds
  A rat (D:2)
26 creatures vanquished.

Notes
Turn   | Place    | Note
-------+----------+-------------------------------------------
     0 | D:1      | lonewolfV2 the Formicid Fighter began the quest for the
                  | Orb.
     0 | D:1      | Reached XP level 1. HP: 18/18 MP: 1/1
    12 | D:1      | Found a faded altar of an unknown god.
   176 | D:1      | Reached XP level 2. HP: 16/24 MP: 2/2
   570 | D:1      | Reached XP level 3. HP: 23/30 MP: 3/3
   773 | D:2      | Noticed Sigmund
   787 | D:2      | Slain by Sigmund

Illustrated notes

Levels and vault maps discovered:
D:1:      mrwooster_arrival_statue_3, layout_basic, serial_aquarium,
          aquarium_bridge_square [aquarium_subvault_balcony,
          aquarium_subvault_window, aquarium_subvault_bridge,
          aquarium_subvault_window], aquarium_bridge_square
          [aquarium_subvault_bridge, aquarium_subvault_wall,
          aquarium_subvault_wall, aquarium_subvault_bridge], aquarium_window_2,
          aquarium_window_fake, aquarium_window_corridor_2, aquarium_view_4,
          aquarium_pool_1, ebering_ecumenical_altar_mist
D:2:      layout_basic, basic_altar, serial_shops, shop, uniq_sigmund,
          uniq_natasha, uniq_jessica

Action                     || total
---------------------------++-------
  Melee: War axe           ||    62
    Use: Scroll            ||     3
         Potion            ||     1
 Armour: Scale mail        ||    48
  Dodge: Dodged            ||    49
  Block: Buckler           ||    25
